 Dungeon Crawl Stone Soup version 0.19.0-24-gb05acd6 (webtiles) character file.

17 ChaseSP the Changer (level 2, -1/14 HPs)
             Began as a Vine Stalker Transmuter on Nov 22, 2016.
             Slain by Jessica
             ... wielding a +0 dagger
              (3 damage)
             ... on level 2 of the Dungeon.
             The game lasted 00:02:07 (1705 turns).

ChaseSP the Changer (Vine Stalker Transmuter)       Turns: 1705, Time: 00:02:07

Health: -1/14      AC:  3    Str: 12    XL:     2   Next: 62%
Magic:  0/6        EV: 11    Int: 13    God:
Gold:   63         SH:  0    Dex: 14    Spells: 2 memorised, 2 levels left

rFire  . . .     SeeInvis .       - Unarmed
rCold  . . .     Gourm    .     l - +0 leather armour
rNeg   . . .     Faith    .     (no shield)
rPois  .         Spirit   +     (no helmet)
rElec  .         Reflect  .     (no cloak)
rCorr  .         Harm     .     (no gloves)
MR     .....                    (boots currently unavailable)
Stlth  +.........               (no amulet)
                                (no ring)
                                (no ring)

@: appendage (expiring), slowed, drained, very slow
A: fangs 2, talons 3, magic shield, antimagic bite, no device heal 3, rot
immunity
a: End Transformation


You were on level 2 of the Dungeon.
You were very hungry.
You had grown temporary talons.
You visited 1 branch of the dungeon, and saw 2 of its levels.

You collected 63 gold pieces.

Inventory:

Missiles
 a - 25 arrows
Armour
 b - a +0 robe
 l - a +0 leather armour (worn)
Scrolls
 e - a scroll of amnesia {unknown}
 g - 2 scrolls of recharging {unknown}
 h - a scroll of fog {unknown}
 m - a scroll of immolation {unknown}
 n - a scroll of fear {unknown}
 o - a scroll of teleportation {unknown}
Potions
 i - a potion of cancellation {unknown}
 k - a potion of beneficial mutation {unknown}
Books
 c - a book of Changes

   Spells                             Type                      Level
   a - Beastly Appendage              Transmutation                1
   b - Sticks to Snakes               Transmutation                2
   c - Spider Form                    Transmutation/Poison         3
   d - Ice Form                       Ice/Transmutation            4
   e - Blade Hands                    Transmutation                5
Comestibles
 d - 2 bread rations
 f - 2 fruits
 j - a meat ration


   Skills:
 - Level 0.8(0.4) Fighting
 - Level 1.5(1.1) Dodging
 - Level 3.0(2.5) Unarmed Combat
 - Level 2.1(1.7) Spellcasting
 + Level 3.1(2.6) Transmutations


You had 2 spell levels left.
You knew the following spells:

 Your Spells              Type           Power        Failure   Level  Hunger
a - Beastly Appendage     Tmut           #.....       12%         1    ##.....
b - Sticks to Snakes      Tmut           #.......     17%         2    ###....


Dungeon Overview and Level Annotations

Branches:
Dungeon (2/15)

Altars:

Annotations:
D:2 Jessica


Innate Abilities, Weirdness & Mutations

You have extremely sharp teeth.
When hurt, damage is shared between your health and your magic reserves.
Your bite disrupts and absorbs the magic of your enemies.
Potions and wands cannot restore your health.
You are immune to rotting.
You have claws for feet.


Message History

You barely miss Jessica. Your kick misses Jessica.
You bite Jessica, but do no damage.
Your transformation is almost over.
Jessica barely misses you.
Jessica drinks a potion.
Jessica flickers and vanishes!
Deactivating autopickup; reactivate with Ctrl-A.
No target in view!
No target in view!
You miss something. Your kick misses something.
You hear some strange, mumbled words.
Something tries to affect you, but you resist.
Something hits you but does no damage.
You hit something. You bite something. You drain its magic.
You feel invigorated. Something hits you. x2
You miss something. Your bite misses something. Something hits you. x2
You closely miss something. Something hits you.
You miss something. Something hits you.
* * * LOW HITPOINT WARNING * * *
Something hits you.
You die...

################.
#.@..............
#{#######..#####
#.# #..# #.# #..#
#.#######..######
#.......#..#.....
#.....@.#..#.....
#.......#..#.....
#.......#..#.....


There were no monsters in sight!

Vanquished Creatures
  A leopard gecko (D:1)
  3 bats
  2 goblins (D:1)
  2 hobgoblins (D:1)
  A quokka (D:2)
  A ball python (D:1)
  3 kobolds
  3 rats (D:1)
16 creatures vanquished.

Notes
Turn   | Place    | Note
-------+----------+-------------------------------------------
     0 | D:1      | ChaseSP the Vine Stalker Transmuter began the quest for the Orb.
     0 | D:1      | Reached XP level 1. HP: 9/9 MP: 4/4
   554 | D:1      | Reached XP level 2. HP: 4/14 MP: 3/6
   561 | D:1      | Learned a level 2 spell: Sticks to Snakes
  1587 | D:2      | Noticed Jessica
  1705 | D:2      | Slain by Jessica

Skill      XL: |  1  2 |
---------------+-------+-----
Transmutations | 3 |  3.1
Fighting       | |  0.8
Dodging        | |  1.5
Unarmed Combat | |  3.0
Spellcasting   | |  2.1

Action                   || total
-------------------------++-------
Melee: Unarmed           ||    68
       Bite              ||    15
       Headbutt          ||     1
 Cast: Beastly Appendage ||     4
 Stab: Sleeping          ||     1
  Eat: Chunk             ||     1
Armor: Robe              ||     4
       Leather armour    ||    14
Dodge: Dodged            ||    34
